 Dungeon Crawl Stone Soup version 0.16-a0-3758-g7fc8210 (console) character file.

19 MarvinPA the Skirmisher (level 2, 0/16 HPs)
             Began as a Vine Stalker Abyssal Knight on Jan 23, 2015.
             Was a Follower of Lugonu.
             Succumbed to an adder's poison
             ... on level 2 of the Dungeon.
             The game lasted 00:01:26 (602 turns).

MarvinPA the Skirmisher (VSAK)                       Turns: 602, Time: 00:01:26

Health: 0/16       AC:  3    Str: 14    XL:     2   Next: 75%
Magic:  0/3        EV: 11    Int: 12    God:    Lugonu [*.....]
Gold:   65         SH:  0    Dex: 13    Spells: 0 memorised, 1 level left

rFire  . . .     SeeInvis .     a - +1 short sword
rCold  . . .     Clarity  .     b - +0 leather armour
rNeg   . . .     SustAb   .     (no shield)
rPois  .         Gourm    .     (no helmet)
rElec  .         Spirit   +     (no cloak)
rCorr  .         Warding  .     (no gloves)
rMut   .         Stasis   .     (no boots)
MR     .....                    (no amulet)
Stlth  +.........               (no ring)
                                (no ring)

@: lethally poisoned, not resistant to hostile enchantments, very unstealthy
A: fangs 2, regeneration 1, magic shield, antimagic bite, no device heal 3, rot
immunity
a: Depart the Abyss, Renounce Religion


You were on level 2 of the Dungeon.
You worshipped Lugonu.
Lugonu was aware of your devotion.
You were not hungry.

You visited 1 branch of the dungeon, and saw 2 of its levels.
You visited the Abyss 1 time.

You collected 65 gold pieces.


Innate Abilities, Weirdness & Mutations

You have extremely sharp teeth.
Your natural rate of healing is unusually fast.
When hurt, damage is shared between your health and your magic reserves.
Your bite disrupts and absorbs the magic of your enemies.
Potions and wands cannot restore your health.
You are immune to rotting.


   Skills:
 - Level 2.6 Fighting
 + Level 2.4 Short Blades
 - Level 1.5 Armour
 + Level 1.4 Dodging
 - Level 1.7 Invocations


You had one spell level left.
You didn't know any spells.

Inventory:

Hand weapons
 a - a +1 short sword (weapon)
Armour
 b - a +0 leather armour (worn)
Jewellery
 i - a +3 ring of protection {unknown}
Scrolls
 d - 2 scrolls of remove curse {unknown}
 e - 3 scrolls of identify {unknown}
Potions
 f - 2 potions of flight {unknown}
 g - a potion of cancellation {unknown}
 h - a potion of mutation {unknown}
 j - 2 potions of brilliance {unknown}
 k - a potion of degeneration {unknown}
Comestibles
 c - a bread ration
 l - a chunk of flesh

Dungeon Overview and Level Annotations

Branches:
Dungeon (2/15)

Altars:

#.......##.......##
#.......<..........
#.......#.)..#######
#.......+....#.......
#.......#....#........
#.#.#'###....#........
#.#.#.###....#.......#
# #.#........#S......+
#[#######.##f......#
#.........)#.......#
....#######†...#####
### #....# #....#
##+###


You could see an adder.


Message History

The adder bites you but does no damage. The adder barely misses you.
Unknown command.
You hit the adder.
The adder is moderately wounded.
The adder barely misses you.
You miss the adder.
The adder is moderately wounded.
The adder completely misses you.
You hit the adder.
The adder is heavily wounded.
The adder bites you.
* * * LOW HITPOINT WARNING * * *
You closely miss the adder. You bite the adder, but do no damage.
The adder is heavily wounded.
The adder closely misses you. The adder barely misses you.
You hit the adder. You bite the adder, but do no damage.
The adder is almost dead.
The adder barely misses you.
You closely miss the adder.
The adder is almost dead.
The adder misses you.
You barely miss the adder. You bite the adder, but do no damage.
The adder is almost dead.
The adder bites you.
* * * LOW HITPOINT WARNING * * *
You are lethally poisoned!
The adder poisons you! The adder closely misses you.
You closely miss the adder.
The adder is almost dead.
You die...

Action                   || total
-------------------------++-------
Melee: Short sword       ||    70

Vault maps used:
D:1:      lemuel_arrival_rhombus

Notes
Turn   | Place    | Note
--------------------------------------------------------------
     0 | Abyss:1  | MarvinPA, the Vine Stalker Abyssal Knight, began the quest for the Orb.
     0 | Abyss:1  | Reached XP level 1. HP: 11/11 MP: 1/1
    10 | D:1      | Escaped the Abyss
   202 | D:1      | Reached skill level 2 in Short Blades
   202 | D:1      | Reached skill level 1 in Dodging
   213 | D:1      | Reached XP level 2. HP: 16/16 MP: 3/3
   601 | D:2      | HP: 1/16 [adder (2)]
   602 | D:2      | Succumbed to an adder's poison

Vanquished Creatures
  An ooze (D:1)
  A giant cockroach (D:1)
  2 goblins (D:2)
  4 jackals (D:1)
  A kobold (D:2)
  A ball python (D:1)
  2 bats (D:2)
  5 giant newts (D:1)
  A rat (D:2)
18 creatures vanquished.
